 Dungeon Crawl Stone Soup version 0.31-a0-703-gcfe89afef6 (webtiles) character file.

Game seed: 10418343515905927787

9 qw the Shooter (level 2, -1/17 HPs)
             Began as a Gargoyle Hunter on Sept 8, 2023.
             Slain by a cerulean imp
             ... wielding a +1 spear
             ... summoned by Natasha
              (2 damage)
             ... on level 2 of the Dungeon.
             The game lasted 00:00:13 (571 turns).

qw the Shooter (Gargoyle Hunter)                     Turns: 571, Time: 00:00:13

Health: -1/17      AC:  7    Str: 14    XL:     2   Next: 12%
Magic:  2/2        EV: 10    Int:  9    God:
Gold:   60         SH:  0    Dex: 13    Spells: 1/1 levels left

rFire   . . .        Y - +0 shortbow
rCold   . . .        (shield currently unavailable)
rNeg    + . .        f - +0 ring mail
rPois   inf          (no helmet)
rElec   +            (no cloak)
rCorr   .            (no gloves)
SInv    .            (no boots)
Will    .....        (no amulet)
Stlth   +            (no ring)
HPRegen 0.22/turn    (no ring)
MPRegen 0.08/turn

%: no passive effects
@: about to teleport
A: sickness immunity, AC +2, negative energy resistance 1, electricity
resistance, torment resistance 1, petrification resistance
a: no special abilities


You were on level 2 of the Dungeon.
You visited 1 branch of the dungeon, and saw 2 of its levels.

You collected 60 gold pieces.


Innate Abilities, Weirdness & Mutations

You are immune to sickness and miasma.
Your stone body is resilient. (AC +2)
You are immune to poison.
You resist negative energy. (rN+)
You are resistant to electric shocks. (rElec)
You are resistant to unholy torment.
You are immune to petrification.


   Skills:
 - Level 2.1 Fighting
 - Level 4.4 Ranged Weapons
 + Level 0.5 Armour
 - Level 1.5 Dodging
 - Level 1.1 Stealth


You had one spell level left.
You didn't know any spells.
Your spell library was empty.

Inventory:

Hand Weapons
 Y - a +0 shortbow (weapon)
Armour
 f - a +0 ring mail (worn)
Scrolls
 b - a scroll of fear {unknown}
Potions
 e - a potion of magic {unknown}

Dungeon Overview and Level Annotations

Branches:
Dungeon (2/15)

Altars:

Annotations:
D:2 Natasha


Message History

Natasha stares at you and mumbles some strange words.
The magic dart hits you.
You shoot an arrow. The arrow hits Natasha.
Natasha is lightly wounded.
Natasha casts a spell at you.
The magic dart hits you but does no damage.
You shoot an arrow. The arrow hits Natasha!
Natasha is severely wounded.
You shoot an arrow. The arrow closely misses Natasha.
The arrow closely misses the cerulean imp.
You shoot an arrow. The arrow closely misses Natasha.
You shoot an arrow. The arrow barely misses Natasha.
The arrow misses the cerulean imp.
Natasha closely misses you.
The cerulean imp hits you from afar with a +1 spear.
You shoot an arrow. The arrow completely misses Natasha.
The arrow hits the cerulean imp.
The cerulean imp is lightly wounded.
Natasha casts a spell at you. The magic dart hits you.
The cerulean imp barely misses you. Natasha claws you.
You shoot an arrow. The arrow closely misses Natasha.
The arrow closely misses the cerulean imp.
The cerulean imp hits you from afar with a +1 spear.
Natasha casts a spell at you.
The magic dart hits you but does no damage.
The cerulean imp closely misses you.
You shoot an arrow.
The arrow hits Natasha but does no damage.
Natasha is severely wounded.
Natasha claws you. The cerulean imp closely misses you.
570 ||| READING scroll of teleportation.
As you read the scroll of teleportation, it crumbles to dust.
You feel strangely unstable. Natasha claws you.
The cerulean imp barely misses you.
You shoot an arrow.
The arrow hits Natasha but does no damage.
Natasha is severely wounded.
Natasha mumbles some strange words.
The cerulean imp hits you from afar with a +1 spear.
You die...

#.# ## ..######### ...
# #.........# ....#.
#./.......# ......###
#...5.....#
#.....###..5......#
#<.##.%h...<...
##.>..#@....... #.#
##..#..######## ####..
#..###.# ...#..####.##
#.###### ...#...#....#
#......##
...##..#....###.......#
.......#....##.........
.....^.#....##.........
...##.......##.........


You could see Natasha and 2 cerulean imps.

Vanquished Creatures
  2 hobgoblins (D:1)
  A kobold (D:2)
  A quokka (D:1)
  A bat (D:1)
  2 frilled lizards
  2 rats (D:1)
9 creatures vanquished.

Notes
Turn   | Place    | Note
-------+----------+-------------------------------------------
     0 | D:1      | qw the Gargoyle Hunter began the quest for the Orb.
     0 | D:1      | Reached XP level 1. HP: 12/12 MP: 1/1
     0 | D:1      | 0 ||| qw: Version: 0.3-a-76-g4403597
     0 | D:1      | 0 ||| qw: Game counter: 1300
     0 | D:1      | 0 ||| qw: Melee chars always use a shield: true
     0 | D:1      | 0 ||| qw: God list: Okawaru
     0 | D:1      | 0 ||| qw: Allow faded altars: false
     0 | D:1      | 0 ||| qw: Do Orc after clearing Dungeon:15 true
     0 | D:1      | 0 ||| qw: Do second Lair branch before Depths: true
     0 | D:1      | 0 ||| qw: Lair rune preference: random
     0 | D:1      | 0 ||| qw: Goals: Normal
     0 | D:1      | 0 ||| PLANNING D:1-11
   313 | D:1      | Reached XP level 2. HP: 17/17 MP: 2/2
   395 | D:1      | Found a faded altar of an unknown god.
   448 | D:1      | 448 ||| UPGRADING to +0 ring mail.
   458 | D:1      | 458 ||| DROPPING +0 leather armour.
   459 | D:1      | 459 ||| READING 2 scrolls labelled CUIGUG INAD.
   463 | D:1      | 463 ||| DROPPING scroll of butterflies.
   560 | D:2      | Noticed Natasha
   569 | D:2      | HP: 4/17 [Natasha (1)]
   570 | D:2      | 570 ||| READING scroll of teleportation.
   570 | D:2      | HP: 1/17 [Natasha (4)]
   571 | D:2      | Slain by a cerulean imp

Levels and vault maps discovered:
D:1:      spicycebolla_arrival_clurvy, layout_basic,
          shapermc_ecumenical_altar_mp_highgroup, grunt_decor_fettered,
          minmay_tripent
D:2:      layout_rooms, kennysheep_cross_room, uniq_natasha

Action                     || total
---------------------------++-------
   Fire: Shortbow          ||    45
    Use: Scroll            ||     2
 Armour: Leather armour    ||    12
         Ring mail         ||    10
  Dodge: Dodged            ||    15

Table legend:
 A = Non-vault XP
 B = Vault XP
 C = Vault XP percentage of total XP
 D = Non-vault monster count
 E = Vault monster count
 F = Vault count percentage of total count
                 A         B        C        D         E       F
            +---------+---------+-------+---------+---------+-------
      Total |      11 |       2 |  15.4 |       7 |       2 |  22.2
            +---------+---------+-------+---------+---------+-------
        D:1 |       8 |       2 |  20.0 |       5 |       2 |  28.6
        D:2 |       3 |       0 |   0.0 |       2 |       0 |   0.0
            +---------+---------+-------+---------+---------+-------
